 Dungeon Crawl Stone Soup version 0.29-a0-1043-g569b05d6ff (webtiles) character file.

Game seed: 3312986228958156395

590 Snarg the Sneak (level 7, -2/33 HPs)
             Began as a Spriggan Conjurer on Aug 16, 2022.
             Succumbed to a gnoll sergeant's poison
             ... on level 4 of the Dungeon.
             The game lasted 00:19:24 (5347 turns).

Snarg the Sneak (Spriggan Conjurer)                 Turns: 5347, Time: 00:19:25

Health: -2/33      AC:  2    Str:  3    XL:     7   Next: 16%
Magic:  2/12       EV: 17    Int: 22    God:
Gold:   197        SH:  0    Dex: 13    Spells: 3/12 levels left

rFire   . . .      SeeInvis +   a - +2 dagger (venom)
rCold   + . .      Faith    .   (no shield)
rNeg    . . .      Spirit   .   f - +0 robe
rPois   .          Reflect  .   (helmet restricted)
rElec   .          Harm     .   (no cloak)
rCorr   .          Rampage  .   (gloves unavailable)
Will    +....                   (boots unavailable)
Stlth   +++.......              (no amulet)
HPRegen 0.11/turn               o - ring of protection from cold
MPRegen 0.13/turn               (no ring)

@: brilliant, lethally poisoned (-2 -> -23), very quick
A: very small, no large weapons, unfitting armour, see invisible, speed 3
a: no special abilities


You were on level 4 of the Dungeon.
You visited 1 branch of the dungeon, and saw 4 of its levels.

You collected 197 gold pieces.

Inventory:

Hand Weapons
 a - a +2 dagger of venom (weapon)
 b - a +1 short sword of holy wrath
 k - a +1 dagger
Missiles
 c - 60 stones
 e - 7 boomerangs
 p - 5 atropa-tipped darts
Armour
 f - a +0 robe (worn)
Jewellery
 o - a ring of protection from cold (left hand)
Wands
 t - a wand of flame (13)
 v - a wand of quicksilver (4)
Scrolls
 g - 3 scrolls of vulnerability
 j - a scroll of fog {unknown}
 m - a scroll of fear
 q - a scroll of immolation
 r - a scroll of poison {unknown}
 u - a scroll of enchant armour {unknown}
Potions
 d - a potion of magic
 h - a potion of invisibility
 l - a potion of might {unknown}
 n - a potion of attraction {unknown}
 s - a potion of berserk rage {unknown}


   Skills:
 - Level 1.0 Fighting
 * Level 2.7 Short Blades
 + Level 3.8 Dodging
 + Level 6.5 Stealth
 - Level 3.0 Spellcasting
 + Level 4.4 Conjurations
 * Level 3.0 Hexes
 * Level 0.3 Air Magic
 * Level 0.3 Poison Magic


You had 3 spell levels left.
You knew the following spells:

 Your Spells              Type           Power      Damage    Failure   Level
a - Magic Dart            Conj           100%       1d8       1%          1
b - Searing Ray           Conj           68%        2d6       3%          2
c - Dazzling Flash        Conj/Hex       58%        N/A       8%          3
d - Mephitic Cloud        Conj/Pois/Air  16%        N/A       19%         3

Your spell library contained the following spells:

 Spells                   Type           Power      Damage    Failure   Level
 Beastly Appendage        Tmut           8%         N/A       12%         1
 Sublimation of Blood     Necr           4%         N/A       19%         2
 Wereblood                Tmut           4%         N/A       19%         2
 Ignite Poison            Fire/Tmut/Pois 5%         N/A       34%         3
 Spider Form              Tmut/Pois      6%         N/A       34%         3
 Fulminant Prism          Conj/Hex       14%        3d9       26%         4
 Iskenderun's Mystic Bla  Conj/Tloc      19%        2d6       45%         4
 Petrify                  Tmut/Erth      4%         N/A       77%         4
 Irradiate                Conj/Tmut      9%         3d14      80%         5
 Freezing Cloud           Conj/Ice/Air   7%         6-21      87%         5
 Summon Hydra             Summ           2%         N/A       100%        7


Dungeon Overview and Level Annotations

Branches:
Dungeon (4/15)
 Temple: D:4-7

Altars:

Shops:
D:4 *

Annotations:
D:1 clr
D:2 ogre, exclusion: ogre
D:3 clr, exclusion: downstairs
D:4 exclusion: upstairs


Innate Abilities, Weirdness & Mutations

You are very small and have problems with some larger weapons.
You are too small for most types of armour.
You have supernaturally acute eyesight. (SInv)
You cover ground extremely quickly. (Speed+++)


Message History

The gnoll sergeant is moderately wounded.
The searing ray hits the gnoll!
The gnoll is heavily wounded.
The searing ray hits the gnoll sergeant but does no damage.
The gnoll sergeant is moderately wounded.
The searing ray hits the gnoll.
The gnoll is severely wounded.
The gnoll sergeant misses you.
Unknown command.
The searing ray hits the gnoll sergeant!
The gnoll sergeant is heavily wounded.
You finish channelling your searing ray.
The gnoll sergeant misses you.
Unknown command.
Casting: Searing Ray (safe; 3% risk of failure)
Confirm with . or Enter, or press ? or * to list all spells.
Aiming: Searing Ray (safe; 3% risk of failure)
Press: ? - help, Shift-Dir - straight line, f/p - gnoll sergeant
Aim: a gnoll sergeant, wielding a +5 spear of venom and wearing a +0 scale mail (heavily wounded, 84% to hit)
The searing ray hits the gnoll!
You kill the gnoll!
The searing ray hits the gnoll sergeant!
The gnoll sergeant is severely wounded. (Press . to maintain the ray.)
The gnoll sergeant hits you from afar with a +5 spear of venom.
You are poisoned.
The searing ray misses the gnoll sergeant.
You feel very sick.
The gnoll sergeant hits you from afar with a +5 spear of venom!
* * * LOW HITPOINT WARNING * * *
You are more poisoned.
Unknown command.
The searing ray hits the gnoll sergeant.
The gnoll sergeant is almost dead.
* * * LOW HITPOINT WARNING * * *
You feel very sick. The gnoll sergeant barely misses you.
It was a potion of brilliance.
You feel clever all of a sudden.
You die...

...........................##..
...............................
................!..............
............................##.
..#####..##...........<.....###
...............#.##...##.......
##..########.......###......#..##
....## ###g).................
.....# ######..#@........####..#.
.>...###......#...####.....# #...
.......[.####.....# #.#.#.# #...
......#######.#.#.# #.#...###..#
.....#..........#.# ##.#.........
...............##.###....##......
.................[.....##....)...
............#..........##.#.)####
..g.<#.......)........#...#.## #


You could see a gnoll sergeant.

Vanquished Creatures
  An ogre (D:4)
  3 scorpions
  A hound (D:4)
  An orc priest (D:3)
  A jelly (D:4)
  Robin (D:3)
  3 gnolls
  3 adders (D:3)
  A worm (D:3)
  2 dart slugs
  5 orcs
  10 ball pythons
  7 endoplasms
  3 giant cockroaches
  9 goblins
  11 hobgoblins
  3 jackals (D:1)
  11 kobolds
  5 quokkas
  A bat (D:2)
  3 frilled lizards
  3 rats
88 creatures vanquished.

Vanquished Creatures (collateral kills)
  An ogre (D:4)
  2 kobolds (D:4)
3 creatures vanquished.

Grand Total: 91 creatures vanquished

Notes
Turn   | Place    | Note
-------+----------+-------------------------------------------
     0 | D:1      | Snarg the Spriggan Conjurer began the quest for the Orb.
     0 | D:1      | Reached XP level 1. HP: 9/9 MP: 5/5
   234 | D:1      | Reached XP level 2. HP: 11/13 MP: 1/6
   243 | D:1      | Learned a level 2 spell: Searing Ray
   726 | D:1      | Found a faded altar of an unknown god.
   767 | D:1      | Reached XP level 3. HP: 17/17 MP: 0/8
  1456 | D:2      | Noticed an ogre
  2372 | D:3      | Noticed Robin
  2551 | D:3      | Reached skill level 1 in Fighting
  2551 | D:3      | Reached skill level 4 in Stealth
  2551 | D:3      | Reached XP level 4. HP: 16/22 MP: 4/9
  2600 | D:3      | Learned a level 3 spell: Dazzling Flash
  3102 | D:3      | Reached skill level 1 in Hexes
  3102 | D:3      | Reached XP level 5. HP: 23/25 MP: 5/10
  3408 | D:3      | Killed Robin
  3409 | D:3      | Reached skill level 1 in Short Blades
  3547 | D:4      | Noticed an ogre
  3766 | D:4      | Noticed an ogre
  3774 | D:4      | Killed an ogre
  3775 | D:4      | Reached skill level 5 in Stealth
  3785 | D:4      | Reached XP level 6. HP: 23/30 MP: 5/11
  4022 | D:4      | Found Paemn's Elemental Accessories.
  4132 | D:3      | Reached skill level 6 in Stealth
  4284 | D:3      | HP: 1/30 [poisoned by a gnoll sergeant]
  4659 | D:4      | Reached XP level 7. HP: 33/33 MP: 1/12
  4758 | D:3      | Learned a level 3 spell: Mephitic Cloud
  5347 | D:4      | Succumbed to a gnoll sergeant's poison

Illustrated notes

Levels and vault maps discovered:
D:1:      dpeg_arrival_lava_temple_mockup, layout_basic,
          ebering_ecumenical_altar_hall
D:2:      layout_loops_corners, kennysheep_small_spiral
D:3:      layout_loops_ring, uniq_robin
D:4:      layout_rooms, nicolae_elemental_shop, due_unseen_surprise

Skill      XL: |  1  2  3  4  5  6  7 |
---------------+----------------------+-----
Conjurations   | 3 4 |  4.4
Spellcasting   | 3 |  3.0
Fighting       | 1 |  1.0
Dodging        | 3 |  3.8
Stealth        | 4 5 6 |  6.5
Hexes          | 1 2 3 |  3.0
Short Blades   | 1 2 |  2.7
Air Magic      | |  0.3
Poison Magic   | |  0.3

Action                   |  1- 3 |  4- 6 |  7- 9 || total
-------------------------+-------+-------+-------++-------
Melee: Short sword       |    28 |       |       ||    28
       Dagger            |    15 |    26 |     2 ||    43
       Punch             |       |     1 |       ||     1
 Cast: Magic Dart        |    59 |    51 |    20 ||   130
       Searing Ray       |     5 |    10 |     4 ||    19
       Dazzling Flash    |       |     2 |       ||     2
       Mephitic Cloud    |       |       |     1 ||     1
  Use: Scroll            |     5 |     4 |       ||     9
       Potion            |       |     3 |     1 ||     4
 Stab: Sleeping          |     6 |     2 |       ||     8
Armor: Robe              |     1 |     3 |       ||     4
Dodge: Dodged            |    37 |    37 |     5 ||    79

Table legend: (Time is in decaauts)
 A = Elapsed time spent in this place.
 B = Non-inter-level travel time spent in this place.
 C = Inter-level travel time spent in this place.
 D = Time resting spent in this place.
 E = Time spent auto-exploring this place.
 F = Levels seen in this place.
 G = Mean time per level.
                   A        B        C        D        E       F      G
               +--------+--------+--------+--------+--------+-----+--------+
         Total |   4117 |   3820 |    297 |   1041 |   2068 |   4 | 1029.2 |
       Dungeon |   4117 |   3820 |    297 |   1041 |   2068 |   4 | 1029.2 |
               +--------+--------+--------+--------+--------+-----+--------+

Top non-repeatable levels by time:
     D:3: 1702 daAuts
     D:1: 915 daAuts
     D:2: 860 daAuts
     D:4: 639 daAuts
